 Dungeon Crawl Stone Soup version 0.22.1-2-g9c5b331 (webtiles) character file.

1582 marthius the Cleaver (level 8, 0/79 HPs)
             Began as a Hill Orc Berserker on Dec 3, 2018.
             Was a Priest of Trog.
             Succumbed to Dowan's poison
             ... on level 6 of the Dungeon.
             The game lasted 00:26:17 (6888 turns).

marthius the Cleaver (Hill Orc Berserker)           Turns: 6888, Time: 00:26:18

Health: 0/79       AC: 14    Str: 27    XL:     8   Next: 92%
Magic:  8/8        EV:  9    Int: 15    God:    Trog [***...]
Gold:   195        SH:  0    Dex: 10    Spells: 7/7 levels left

rFire    + . .     SeeInvis .   a - +0 hand axe
rCold    + . .     Gourm    .   (no shield)
rNeg     . . .     Faith    +   B - +1 chain mail of the Spider Nest {Int+3}
rPois    +         Spirit   .   y - +2 helmet
rElec    +         Reflect  .   (no cloak)
rCorr    +         Harm     .   e - +0 pair of gloves
MR       .....                  (no boots)
Stlth    ..........             w - amulet of faith
HPRegen  0.23/turn              (no ring)
MPRegen  0.11/turn              (no ring)

@: mighty, brilliant, lethally poisoned (0 -> -16), resistant, flying, very
slightly contaminated
A: no striking features
a: Berserk, Trog's Hand, Renounce Religion


You were on level 6 of the Dungeon.
You worshipped Trog.
Trog was most pleased with you.
You were not hungry.

You visited 1 branch of the dungeon, and saw 6 of its levels.

You collected 195 gold pieces.

Inventory:

Hand Weapons
 a - a +0 hand axe (weapon)
 p - a cursed -2 club
 t - a +0 club
Missiles
 l - 2 large rocks
 u - 13 tomahawks (quivered)
Armour
 b - a +0 animal skin
 e - a +0 pair of gloves (worn)
 h - a +0 leather armour
 o - a +0 helmet
 r - a cursed -1 large shield
 y - a +2 helmet (worn)
 B - the +1 chain mail of the Spider Nest (worn) {Int+3}
   (You took it off a gnoll on level 4 of the Dungeon)

   It affects your intelligence (+3).
Jewellery
 w - an amulet of faith (around neck)
 D - a cursed -5 ring of strength {unknown}
 H - an uncursed ring of protection from magic {unknown}
 J - a cursed ring of attention {unknown}
Wands
 G - a wand of random effects (13)
 I - a wand of iceblast (6)
Scrolls
 d - 3 scrolls of identify
 f - a scroll of random uselessness
 j - 6 scrolls of remove curse
 m - 3 scrolls of amnesia
 s - 3 scrolls of noise
 v - 3 scrolls of blinking
 A - 5 scrolls of teleportation {unknown}
 F - 2 scrolls of enchant armour {unknown}
 L - a scroll of fog {unknown}
Potions
 g - 2 potions of might
 k - a potion of agility
 q - a potion of heal wounds {unknown}
 z - a potion of berserk rage {unknown}
 C - a potion of invisibility {unknown}
 E - a potion of degeneration {unknown}
 K - a potion of curing {unknown}
Comestibles
 x - 6 rations


   Skills:
 + Level 9.8 Fighting
 + Level 10.6 Axes
 + Level 2.6 Armour
 - Level 1.5 Dodging


You had 7 spell levels left.
You didn't know any spells.
Your spell library contained the following spells:

 Spells                   Type           Power        Failure   Level  Hunger
 Magic Dart               Conj           #...         17%         1    ##.....
 Blink                    Tloc           N/A          24%         2    ###....
 Call Imp                 Summ           #.......     24%         2    ###....
 Slow                     Hex            #.......     24%         2    ###....
 Conjure Flame            Conj/Fire      #.......     41%         3    ####...
 Mephitic Cloud           Conj/Pois/Air  #.......     41%         3    ####...


Dungeon Overview and Level Annotations

Branches:
Dungeon (6/15)
 Temple: D:4-7

Altars:
Cheibriados
Makhleb
Sif Muna
Uskayaw
Xom
Zin

Annotations:
D:5 Dowan


Message History

* * * LOW HITPOINT WARNING * * *
You feel very sick.
You're too hungry to rest.
You eat one of the 7 rations.
That ration really hit the spot!
Your skin stops crawling.
You feel less resistant to hostile enchantments.
* * * LOW HITPOINT WARNING * * *
You feel sick.
It was a potion of flight.
You feel very buoyant.
You fly up into the air.
* * * LOW HITPOINT WARNING * * *
You feel sick.
It was a potion of resistance.
You feel protected.
* * * LOW HITPOINT WARNING * * *
You feel sick.
It was a potion of brilliance.
You feel clever all of a sudden.
You die...

#######.......
#....<...#.....
#..###Y.......
............#...
.......#........
......#........
##......##.###.
##.....##Y#
###.....@#
###.#### #.. #.#
#.. #.# #.. ..#


You could see an ice beast.

Vanquished Creatures
  Sigmund (D:5)
  Eustachio (D:4)
  A hungry ghost (D:3)
  Duvessa (D:6)
  2 ice beasts
  A necrophage (D:5)
  An ogre (D:5)
  A howler monkey (D:4)
  2 orc wizards (D:3)
  2 hounds (D:5)
  Jessica (D:3)
  2 worker ants
  4 iguanas (D:4)
  A hound skeleton (D:5)
  Robin (D:2)
  A worker ant zombie (D:5)
  8 gnolls (D:4)
  11 adders
  A shadow imp (D:5)
  2 oozes (D:3)
  4 worms
  2 adder skeletons (D:4)
  A dart slug (D:1)
  4 leopard geckos
  6 orcs
  8 bats
  3 giant cockroaches
  12 goblins
  10 hobgoblins
  16 jackals
  2 quokkas
  A ball python (D:2)
  4 frilled lizards
  2 kobolds
  A leopard gecko zombie (D:3)
  11 rats
132 creatures vanquished.

Notes
Turn   | Place    | Note
-------+----------+-------------------------------------------
     0 | D:1      | marthius the Hill Orc Berserker began the quest for the
                  | Orb.
     0 | D:1      | Reached XP level 1. HP: 19/19 MP: 1/1
    60 | D:1      | Reached XP level 2. HP: 25/27 MP: 2/2
   553 | D:1      | Reached XP level 3. HP: 32/34 MP: 3/3
   570 | D:1      | Found a shimmering altar of Xom.
   572 | D:1      | Found a hide-covered altar of Uskayaw.
   572 | D:1      | Found a snail-covered altar of Cheibriados.
   574 | D:1      | Found a deep blue altar of Sif Muna.
   574 | D:1      | Found a burning altar of Makhleb.
   574 | D:1      | Found a glowing silver altar of Zin.
   951 | D:2      | Reached skill level 5 in Axes
  1618 | D:2      | Reached XP level 4. HP: 41/41 MP: 4/4
  1631 | D:2      | Reached ** piety under Trog
  1632 | D:2      | Noticed Robin
  1646 | D:2      | Killed Robin
  1646 | D:2      | Reached skill level 5 in Fighting
  2568 | D:3      | Noticed a hungry ghost
  2587 | D:3      | Killed a hungry ghost
  2587 | D:3      | Reached skill level 6 in Axes
  2587 | D:3      | Reached XP level 5. HP: 37/50 MP: 5/5
  2587 | D:3      | Reached XP level 6. HP: 42/57 MP: 6/6
  2813 | D:3      | Reached skill level 7 in Axes
  3335 | D:3      | Noticed Jessica
  3341 | D:3      | Killed Jessica
  3696 | D:3      | Reached *** piety under Trog
  4145 | D:4      | Noticed Eustachio
  4171 | D:4      | Reached XP level 7. HP: 66/66 MP: 7/7
  4201 | D:4      | Killed Eustachio
  4201 | D:4      | Reached skill level 8 in Axes
  5283 | D:4      | Got an ichor-stained chain mail
  5311 | D:4      | Identified the cursed +1 chain mail of the Spider Nest
                  | {Int+3} (You took it off a gnoll on level 4 of the Dungeon)
  5680 | D:4      | Reached skill level 9 in Axes
  5815 | D:5      | Entered Level 5 of the Dungeon
  5852 | D:5      | Reached XP level 8. HP: 59/75 MP: 8/8
  6138 | D:5      | Found Bikk's Food Emporium.
  6234 | D:5      | Noticed Sigmund
  6259 | D:5      | Killed Sigmund
  6259 | D:5      | Reached skill level 10 in Axes
  6835 | D:6      | Noticed Duvessa
  6835 | D:6      | Noticed Dowan
  6858 | D:6      | Killed Duvessa
  6886 | D:6      | HP: 2/79 [poisoned by Dowan]
  6888 | D:6      | Succumbed to Dowan's poison

Skill      XL: |  1  2  3  4  5  6  7  8 |
---------------+-------------------------+-----
Fighting       | 4 6 7 8 9 |  9.8
Axes           | 5 6 7 9 10 | 10.6
Armour         | |  2.6
Dodging        | |  1.5

Action                   |  1- 3 |  4- 6 |  7- 9 || total
-------------------------+-------+-------+-------++-------
Melee: Hand axe          |   108 |   218 |   294 ||   620
Throw: Tomahawk          |       |     3 |     4 ||     7
Invok: Berserk           |     1 |       |     3 ||     4
       Trog's Hand       |       |       |     3 ||     3
  Use: Scroll            |       |     7 |     2 ||     9
       Potion            |       |       |     4 ||     4
 Stab: Sleeping          |     1 |       |       ||     1
  Eat: Chunk             |     1 |     3 |    11 ||    15
       Ration            |     1 |     2 |     1 ||     4
Armor: Animal skin       |     4 |       |       ||     4
       Leather armour    |    30 |    66 |    19 ||   115
       Chain mail        |       |       |   117 ||   117
Dodge: Dodged            |    57 |   109 |   128 ||   294
